 Dungeon Crawl Stone Soup version 0.29.1-13-g9f3cf754e1 (webtiles) character file.

Game seed: 16863235042667999849

1772 hbarley the Cleaver (level 9, -3/78 HPs)
             Began as a Hill Orc Fighter on Jan 30, 2023.
             Slain by a two-headed ogre
             ... wielding a +0 giant club
              (24 damage)
             ... on level 6 of the Dungeon.
             The game lasted 00:14:45 (7011 turns).

hbarley the Cleaver (Hill Orc Fighter)              Turns: 7011, Time: 00:14:45

Health: -3/78      AC: 12    Str: 21    XL:     9   Next: 7%
Magic:  9/9        EV:  8    Int:  8    God:
Gold:   380        SH:  5    Dex: 12    Spells: 8/8 levels left

rFire   . . .      SeeInvis +   a - +0 war axe
rCold   . . .      Faith    .   c - +0 buckler
rNeg    + . .      Spirit   .   u - +0 chain mail
rPois   .          Reflect  .   (no helmet)
rElec   .          Harm     .   (no cloak)
rCorr   .          Rampage  .   r - +0 pair of gloves
Will    .....                   t - +0 pair of boots
Stlth   ..........              (no amulet)
HPRegen 0.23/turn               y - ring of positive energy
MPRegen 0.11/turn               v - ring of see invisible

@: no status effects
A: no striking features
a: no special abilities


You were on level 6 of the Dungeon.
You visited 1 branch of the dungeon, and saw 6 of its levels.

You collected 402 gold pieces.
You spent 22 gold pieces at shops.

Inventory:

Hand Weapons
 a - a +0 war axe (weapon)
Armour
 b - a +0 scale mail
 c - a +0 buckler (worn)
 p - a scarf of harm
 r - a +0 pair of gloves (worn)
 t - a +0 pair of boots (worn)
 u - a +0 chain mail (worn)
Jewellery
 s - a ring of resist corrosion
 v - a ring of see invisible (right hand)
 y - a ring of positive energy (left hand)
 C - a +4 ring of protection
Wands
 z - a wand of digging (3)
Scrolls
 f - a scroll of noise {unknown}
 g - 2 scrolls of enchant weapon {unknown}
 i - a scroll of poison {unknown}
 l - 7 scrolls of identify
 n - 4 scrolls of fear {unknown}
 o - 4 scrolls of teleportation {unknown}
 q - a scroll of blinking {unknown}
 w - a scroll of vulnerability {unknown}
 B - a scroll of magic mapping {unknown}
 D - a scroll of enchant armour {unknown}
Potions
 d - a potion of might
 e - 3 potions of curing {unknown}
 h - a potion of degeneration {unknown}
 j - 4 potions of heal wounds
 k - a potion of lignification {unknown}
 m - a potion of mutation {unknown}
 x - a potion of flight {unknown}
 A - a potion of attraction {unknown}


   Skills:
 + Level 6.8 Fighting
 + Level 10.8 Axes
 + Level 6.0 Armour
 + Level 1.4 Dodging
 + Level 0.6 Stealth
 + Level 5.1 Shields


You had 8 spell levels left.
You didn't know any spells.
Your spell library contained the following spells:

 Spells                   Type           Power      Damage    Failure   Level
 Magic Dart               Conj           0%         1d3       99%         1
 Call Imp                 Summ           0%         N/A       100%        2
 Ensorcelled Hibernation  Hex/Ice        0%         N/A       100%        2
 Mephitic Cloud           Conj/Pois/Air  0%         N/A       100%        3
 Spider Form              Tmut/Pois      0%         N/A       100%        3
 Anguish                  Hex/Necr       0%         N/A       100%        4
 Fireball                 Conj/Fire      0%         3d3       100%        5
 Starburst                Conj/Fire      0%         6d3       100%        6
 Ignition                 Fire           0%         3d3       100%        8


Dungeon Overview and Level Annotations

Branches:
Dungeon (6/15)             Temple (0/1) D:6

Altars:
Gozag
Qazlal

Shops:
D:5 ?


Message History

The necrophage is heavily damaged.
The necrophage hits you but does no damage.
You barely miss the necrophage.
The necrophage is heavily damaged.
The necrophage hits you.
You barely miss the necrophage.
The necrophage is heavily damaged.
The necrophage barely misses you.
You slash the necrophage!
You destroy the necrophage!
Found 7 stones.
You see here 7 stones.
You see here 7 stones.
An orc comes into view. It is wielding a +0 dagger.
The orc shouts!
You hear a shout!
A gnoll bouda comes into view. It is wielding a +0 whip.
The gnoll bouda shouts!
You hear two shouts!
The gnoll bouda gazes fiercely through you!
You feel your attacks grow feeble.
The two-headed ogre shouts in stereo!
You hear a shout! x2
The gnoll bouda reads a scroll.
Wisps of shadow swirl around the gnoll bouda.
Your attacks no longer feel as feeble.
You hit the two-headed ogre.
The two-headed ogre is lightly wounded.
You block the two-headed ogre's attack.
The two-headed ogre hits you with a +0 giant club!
You hit the two-headed ogre.
The two-headed ogre is lightly wounded.
You block the two-headed ogre's attack. x2
You hit the two-headed ogre but do no damage.
The two-headed ogre is lightly wounded.
You slash the two-headed ogre!
The two-headed ogre is moderately wounded.
The two-headed ogre hits you with a +0 giant club!! x2
* * * LOW HITPOINT WARNING * * *
You slash the two-headed ogre!
The two-headed ogre is heavily wounded.
The two-headed ogre hits you with a +0 giant club!!
You die...

..(†.......##....~~~~~~~≈≈~~~~~~~
..###########..........Oo........
..# ###.#############.### ..#
#..# #.### ..# ##.# #.... ..# #O#
##### ..# #o# ############
..###### #O#####[..........
.......# #@#...#.##########
.#####.####### #.......##### # .#
#.......###...†.......# ## .#
#######..........####.# #. .#
#.###.#...## #.# #. .# #.#
#.##..# #.# #. .#
#####.###.##..#####.# #. >#
####................##.#####.
.####........###.##..##.##.##....


You could see a two-headed ogre, an ogre (summoned) and an orc.

Vanquished Creatures
  A sky beast (D:6)
  4 ogres (D:6)
  A black bear (D:5)
  2 necrophages (D:6)
  2 scorpions
  8 howler monkeys
  8 hounds
  2 jellies (D:5)
  2 orc priests
  3 iguanas
  4 orc wizards
  2 gnolls (D:6)
  4 adders
  A white imp (D:6)
  2 ufetubi
  2 worms
  2 dart slugs (D:4)
  9 orcs
  6 bats
  9 endoplasms
  2 giant cockroaches (D:2)
  5 goblins
  6 hobgoblins
  9 jackals
  5 quokkas
  5 ball pythons
  5 frilled lizards
  10 kobolds
  3 rats
124 creatures vanquished.

Vanquished Creatures (others)
  2 plants (D:6)
2 creatures vanquished.

Grand Total: 126 creatures vanquished

Notes
Turn   | Place    | Note
-------+----------+-------------------------------------------
     0 | D:1      | hbarley the Hill Orc Fighter began the quest for the Orb.
     0 | D:1      | Reached XP level 1. HP: 19/19 MP: 1/1
   230 | D:1      | Reached XP level 2. HP: 23/27 MP: 2/2
   363 | D:1      | Found a faded altar of an unknown god.
   378 | D:1      | Reached skill level 3 in Axes
   851 | D:1      | Reached XP level 3. HP: 32/33 MP: 3/3
   937 | D:2      | You fall into a shaft and drop 1 floor!
  1593 | D:2      | Reached skill level 4 in Axes
  1896 | D:2      | Reached XP level 4. HP: 35/40 MP: 4/4
  2486 | D:3      | Found a stormy altar of Qazlal.
  3144 | D:4      | Noticed a scorpion
  3158 | D:4      | Killed a scorpion
  3159 | D:4      | Reached skill level 5 in Axes
  3159 | D:4      | Reached XP level 5. HP: 41/46 MP: 5/5
  3866 | D:5      | Entered Level 5 of the Dungeon
  3901 | D:5      | Found Pafrud's Magic Scroll Emporium.
  3941 | D:5      | Bought a scroll of identify for 22 gold pieces
  4009 | D:5      | Reached skill level 6 in Axes
  4009 | D:5      | Reached XP level 6. HP: 53/53 MP: 6/6
  4052 | D:5      | Noticed a black bear
  4058 | D:5      | Killed a black bear
  4146 | D:5      | Reached skill level 5 in Fighting
  4343 | D:5      | Reached XP level 7. HP: 29/61 MP: 7/7
  4541 | D:5      | Reached skill level 7 in Axes
  4677 | D:5      | Found an opulent altar of Gozag.
  4867 | D:5      | Reached skill level 1 in Dodging
  5402 | D:6      | Reached skill level 8 in Axes
  5488 | D:6      | Reached skill level 5 in Armour
  5488 | D:6      | Reached XP level 8. HP: 60/70 MP: 8/8
  5906 | D:6      | Reached skill level 9 in Axes
  6188 | D:6      | Reached skill level 10 in Axes
  6194 | D:6      | Reached skill level 5 in Shields
  6279 | D:6      | Noticed a two-headed ogre
  6339 | D:6      | Found a staircase to the Ecumenical Temple.
  6540 | D:6      | Reached XP level 9. HP: 52/78 MP: 9/9
  7011 | D:6      | Slain by a two-headed ogre

Illustrated notes

Levels and vault maps discovered:
D:1:      minmay_arrival_glassed_features, layout_loops_ring,
          hellmonk_ecumenical_altar_blasted, kennysheep_decorative_pillar,
          minmay_pentomino_s2
D:2:      layout_basic, nicolae_hexahallways
D:3:      layout_basic, grunt_qazlal_sundering
D:4:      minmay_general_purpose_star, layout_rooms, serial_bayou_pond_e,
          kennysheep_cross_room
D:5:      layout_basic, grunt_gozag_statues, serial_shops, shop, serial_rivers,
          chequers_serial_rivers_small_3, chequers_serial_rivers_micro_e,
          chequers_serial_rivers_small_a, chequers_serial_rivers_micro_c,
          fountainhead, minivault_25, minmay_misc_feat_iff
D:6:      lemuel_castle_with_subvaults [lemuel_castle_interior_carwin_1],
          layout_loops_ring, minmay_temple_entry_purple_smoke, uniq_sigmund

Skill      XL: |  1  2  3  4  5  6  7  8  9 |
---------------+----------------------------+-----
Axes           | 3 4 5 6 8 10 | 10.8
Shields        | 4 5 |  5.1
Fighting       | 4 5 6 |  6.8
Armour         | 4 5 6 |  6.0
Dodging        | 1 |  1.4
Stealth        | |  0.6

Action                   |  1- 3 |  4- 6 |  7- 9 || total
-------------------------+-------+-------+-------++-------
Melee: War axe           |   128 |   142 |   186 ||   456
  Use: Scroll            |       |     1 |       ||     1
       Potion            |       |       |     1 ||     1
Armor: Scale mail        |    67 |    27 |       ||    94
       Chain mail        |       |    49 |   117 ||   166
Dodge: Dodged            |    70 |    50 |    94 ||   214
Block: Buckler           |    28 |    29 |    41 ||    98
